 Dungeon Crawl Stone Soup version 0.19-a0-1786-g230130f (webtiles) character file.

5413 Amnesiac the Archer (level 10, -2/83 HPs)
             Began as a Mummy Hunter on Oct 3, 2016.
             Was a Priest of Okawaru.
             Slain by a yak (6 damage)
             ... on level 10 of the Dungeon.
             The game lasted 00:22:07 (10548 turns).

Amnesiac the Archer (Mummy Hunter)                 Turns: 10548, Time: 00:22:08

Health: -2/83      AC: 14    Str: 15    XL:     10   Next: 40%
Magic:  10/10      EV: 11    Int: 10    God:    Okawaru [***...]
Gold:   398        SH:  0    Dex: 17    Spells: 0 memorised, 9 levels left

rFire  x . .     SeeInvis .     e - +1 hand axe (elec)
rCold  + + .     Gourm    .     v - +3 ring mail
rNeg   + + +     Faith    .     (no shield)
rPois  ∞         Spirit   .     j - +0 helmet
rElec  .         Dismiss  .     l - +0 cloak
rCorr  .         Reflect  .     t - +0 pair of gloves
MR     ++...     Harm     .     o - +2 pair of boots
Stlth  +.........               (no amulet)
                                w - ring of protection from cold
                                y - ring of protection from magic

@: no status effects
A: no food or potions, fire vulnerability, cold resistance 1, negative energy
resistance 3, torment resistance, unbreathing
a: Heroism, Renounce Religion


You were on level 10 of the Dungeon.
You worshipped Okawaru.
Okawaru was most pleased with you.
You were not hungry.

You visited 2 branches of the dungeon, and saw 11 of its levels.

You collected 551 gold pieces.
You spent 153 gold pieces at shops.

Inventory:

Hand Weapons
 a - a +2 shortbow
 e - a +1 hand axe of electrocution (weapon)
Missiles
 d - 10 arrows
Armour
 j - a +0 helmet (worn)
 l - a +0 cloak (worn)
 o - a +2 pair of boots (worn)
 q - a +3 plate armour
 t - a +0 pair of gloves (worn)
 v - a +3 ring mail (worn)
Jewellery
 w - a ring of protection from cold (right hand)
 y - a ring of protection from magic (left hand)
Wands
 c - a wand of lightning (13/15)
 i - a wand of disintegration (14/24)
 m - a wand of iceblast (0/15)
 z - a wand of confusion (35/48)
Scrolls
 b - 11 scrolls of identify
 f - 2 scrolls of teleportation
 g - 2 scrolls of fear {unknown}
 k - a scroll of recharging {unknown}
 n - a scroll of fog {unknown}
 p - 3 scrolls of noise {unknown}
 r - a scroll of enchant armour {unknown}
 s - a scroll of remove curse {unknown}
Books
 h - a book of Cantrips

   Spells                             Type                      Level
   a - Confusing Touch                Hexes                        1
   b - Animate Skeleton               Necromancy                   1
   c - Summon Small Mammal            Summoning                    1
   d - Apportation                    Translocation                1
 u - a book of Misfortune

   Spells                             Type                      Level
   a - Confusing Touch                Hexes                        1
   b - Confuse                        Hexes                        3
   c - Gell's Gravitas                Hexes/Translocation          3
   d - Petrify                        Transmutation/Earth          4
   e - Metabolic Englaciation         Hexes/Ice                    5
   f - Yara's Violent Unravelling     Hexes/Transmutation          5


   Skills:
 + Level 9.2 Fighting
 * Level 11.1 Bows
 - Level 1.5 Dodging
 - Level 0.7 Stealth


You had 9 spell levels left.
You didn't know any spells.

Dungeon Overview and Level Annotations

Branches:
Dungeon (10/15)            Temple (1/1) D:6             Orc (0/2) D:9
   Lair: D:8-11

Altars:
Ashenzari
Cheibriados
Dithmenos
Elyvilon
Fedhas
Gozag
Hepliaklqana
Kikubaaqudgha
Makhleb
Nemelex Xobeh
Okawaru
Qazlal
Ru
Sif Muna
Trog
Uskayaw
Vehumet
Xom
Yredelemnul
Zin
The Shining One

Shops:
D:5 ?   D:6 ?([*!


Innate Abilities, Weirdness & Mutations

You do not eat or drink.
Your flesh is vulnerable to fire.
You are immune to poison.
Your flesh is cold resistant. (rC+)
You are immune to negative energy. (rN+++)
You are immune to unholy pain and torment.
You can survive without breathing.


Message History

You hit the yak.
There is a sudden explosion of sparks!
The yak is severely wounded.
The yak completely misses you.
You hit the yak.
The yak is severely wounded.
The yak gores you but does no damage. The yak gores you!
* * * LOW HITPOINT WARNING * * *
You hit the yak.
The yak is severely wounded.
The yak gores you!
* * * LOW HITPOINT WARNING * * *
Your ring mail prevents you from hitting the yak.
The yak is severely wounded.
The yak closely misses you.
You hit the yak.
There is a sudden explosion of sparks!
The yak is almost dead.
The yak gores you!
* * * LOW HITPOINT WARNING * * *
The yak gores you.
You die...

#..........#
#..........+
#..........#
#..........#
#..........#
#..........#
######'#####
######%#
#sYYY@.#
#'###### #..
#.Y #Y.


#YY #.. #.. You could see 3 yaks and a scorpion.

Vanquished Creatures
  Pikel (D:9)
  A hippogriff (D:8)
  7 yaks
  A hungry ghost (D:9)
  3 orc warriors
  An ice beast (D:5)
  2 sky beasts
  2 slaves (D:9)
  2 ogres
  3 centaurs
  5 bullfrogs
  A gnoll sergeant (D:5)
  3 scorpions
  5 wights (D:10)
  A howler monkey (D:5)
  5 crimson imps
  A centaur zombie (D:9)
  A jelly (D:6)
  5 hounds
  4 orc priests
  3 bullfrog skeletons
  4 iguanas
  6 orc wizards
  A gnoll shaman (D:5)
  Crazy Yiuf (D:5)
  Terence (D:3)
  9 worker ants
  A killer bee zombie (D:10)
  A hound zombie (D:4)
  3 hound skeletons
  2 worker ant zombies (D:7)
  38 gnolls (D:5)
  16 adders
  A shadow imp (D:6)
  2 oozes
  An adder skeleton (D:6)
  An adder zombie (D:8)
  A worm (D:6)
  2 dart slugs
  10 leopard geckos
  28 orcs
  6 giant cockroaches
  4 goblins
  4 hobgoblins
  32 jackals
  5 quokkas
  3 ball pythons
  6 bats
  6 frilled lizards
  A giant cockroach zombie (D:5)
  8 kobolds
  3 leopard gecko skeletons
  3 rats
267 creatures vanquished.

Vanquished Creatures (others)
  A slave (D:9)
  A big kobold (D:9)
  A worker ant (D:9)
  A gnoll (D:5)
  An orc (D:5)
  A frilled lizard (D:5)
  3 kobolds (D:9)
9 creatures vanquished.

Grand Total: 276 creatures vanquished

Notes
Turn   | Place    | Note
-------+----------+-------------------------------------------
     0 | D:1      | Amnesiac the Mummy Hunter began the quest for the Orb.
     0 | D:1      | Reached XP level 1. HP: 16/16 MP: 1/1
   418 | D:1      | Reached XP level 2. HP: 22/22 MP: 2/2
   562 | D:2      | Found a basalt altar of Yredelemnul.
   628 | D:3      | Reached XP level 3. HP: 8/28 MP: 3/3
  1007 | D:4      | Reached skill level 4 in Bows
  1022 | D:4      | Reached XP level 4. HP: 6/35 MP: 4/4
  1518 | D:4      | Reached XP level 5. HP: 40/41 MP: 5/5
  1696 | D:4      | Found a shimmering altar of Xom.
  1750 | D:4      | Reached skill level 5 in Bows
  2013 | D:4      | Reached XP level 6. HP: 44/48 MP: 6/6
  2100 | D:5      | Entered Level 5 of the Dungeon
  3059 | D:5      | Found Komug's Magic Scroll Boutique.
  3068 | D:5      | Noticed an ice beast
  3079 | D:5      | Killed an ice beast
  3079 | D:5      | Reached skill level 6 in Bows
  3079 | D:5      | Reached XP level 7. HP: 38/55 MP: 7/7
  3270 | D:5      | Found a runed door.
  3274 | D:5      | Noticed Crazy Yiuf
  3282 | D:5      | Killed Crazy Yiuf
  3359 | D:5      | Reached skill level 5 in Fighting
  3379 | D:5      | Found a shimmering altar of Xom.
  3572 | D:5      | Reached skill level 7 in Bows
  4124 | D:5      | Reached XP level 8. HP: 64/64 MP: 8/8
  4258 | D:6      | Found Vyleg's Magic Scroll Boutique.
  4391 | D:6      | Found Dyrerylu's Antique Armour Emporium.
  4412 | D:6      | Found a staircase to the Ecumenical Temple.
  4422 | Temple   | Entered the Ecumenical Temple
  4533 | Temple   | Became a worshipper of Warmaster Okawaru
  4572 | D:6      | Found Juqibleg's General Store.
  4596 | D:6      | Bought a pair of glowing boots for 153 gold pieces
  4683 | D:6      | Found Uway's Antique Weapon Boutique.
  4815 | D:6      | Found Rimmuth's Distillery.
  5442 | D:2      | Found a hide-covered altar of Uskayaw.
  5847 | D:3      | Noticed Terence
  5856 | D:3      | Killed Terence
  6190 | D:4      | Reached skill level 8 in Bows
  6343 | D:5      | Reached * piety under Okawaru
  7079 | D:7      | Reached XP level 9. HP: 71/72 MP: 9/9
  7176 | D:7      | Reached skill level 9 in Bows
  7310 | D:7      | Reached ** piety under Okawaru
  7525 | D:7      | Found a stormy altar of Qazlal.
  8221 | D:8      | Found a deep blue altar of Sif Muna.
  8306 | D:8      | Reached skill level 10 in Bows
  8376 | D:8      | Reached *** piety under Okawaru
  8898 | D:9      | Reached XP level 10. HP: 82/82 MP: 10/10
  9045 | D:9      | Noticed Pikel
  9080 | D:9      | Killed Pikel
  9243 | D:9      | Found a glowing golden altar of the Shining One.
  9245 | D:9      | Found a white marble altar of Elyvilon.
  9263 | D:9      | Found a staircase to the Orcish Mines.
  9336 | D:9      | Found an opulent altar of Gozag.
 10020 | D:10     | Entered Level 10 of the Dungeon
 10117 | D:9      | Reached skill level 11 in Bows
 10315 | D:10     | Noticed a brown ugly thing
 10548 | D:10     | HP: 4/83 [yak (9)]
 10548 | D:10     | Slain by a yak

Vault maps used:
D:1:      lightli_iron_boxes
D:2:      eat_drink_and_be_merry_uskayaw, yredelemnul_altar_generic
D:3:      uniq_terence
D:4:      nicolae_overflow_hidden_temple
D:5:      lemuel_castle_with_subvaults, serial_shops, nicolae_shop_statue_plus,
          first_bread, xom_confusion_cloud, uniq_crazy_yiuf_cottage
D:6:      serial_shops, nicolae_shop_stone, shop_coins, nicolae_shop_stone,
          shop, shop, st_stairs_8
D:7:      kennysheep_mini_moat
D:8:      kennysheep_little_box
D:9:      nicolae_gozag_seed_capital, minitemple, orc_0_dummy, uniq_pikel
D:10:     serial_shops, shop, uniq_harold
Temple:   dshaligram_water_room_temple

Skill      XL: |  1  2  3  4  5  6  7  8  9 10 |
---------------+-------------------------------+-----
Fighting       | 3 4 5 7 8 9 |  9.2
Bows           | 4 5 6 7 8 10 11 | 11.1
Dodging        | |  1.5
Stealth        | |  0.7

Action                   |  1- 3 |  4- 6 |  7- 9 | 10-12 || total
-------------------------+-------+-------+-------+-------++-------
Melee: Spear             |    32 |       |       |       ||    32
       Hand axe          |       |    14 |     8 |   120 ||   142
 Fire: Shortbow          |    83 |   159 |   742 |    47 ||  1031
Throw: Throwing net      |       |       |     3 |       ||     3
Invok: Heroism           |       |       |     1 |     4 ||     5
Evoke: Wand              |       |       |     2 |       ||     2
  Use: Scroll            |       |       |     3 |     1 ||     4
 Stab: Sleeping          |     1 |       |       |       ||     1
Armor: Leather armour    |    26 |    13 |    20 |       ||    59
       Ring mail         |       |       |    77 |    61 ||   138
Dodge: Dodged            |    48 |    60 |   192 |    79 ||   379
